 Dungeon Crawl Stone Soup version 0.29.1-12-g30fa7ad0bf (webtiles) character file.

Game seed: 11897634877398553561

5 CaptainMV the Conjurer (level 1, 0/14 HPs)
             Began as a Draconian Conjurer on Dec 16, 2022.
             Slain by Robin
             ... wielding a +0 short sword
              (2 damage)
             ... on level 2 of the Dungeon.
             The game lasted 00:01:56 (122 turns).

CaptainMV the Conjurer (Draconian Conjurer)          Turns: 122, Time: 00:01:57

Health: 0/14       AC:  4    Str:  9    XL:     1   Next: 66%
Magic:  0/3        EV: 12    Int: 18    God:
Gold:   16         SH:  0    Dex:  9    Spells: 3/4 levels left

rFire   . . .      SeeInvis .   b - +0 dagger
rCold   . . .      Faith    .   (no shield)
rNeg    . . .      Spirit   .   (body armour unavailable)
rPois   .          Reflect  .   (helmet restricted)
rElec   .          Harm     .   (no cloak)
rCorr   .          Rampage  .   (no gloves)
Will    .....                   (no boots)
Stlth   ++........              e - amulet of the acrobat
HPRegen 0.04/turn               (no ring)
MPRegen 0.08/turn               (no ring)

@: no status effects
A: AC +4, unfitting armour, cold-blooded
a: no special abilities


You were on level 2 of the Dungeon.
You visited 1 branch of the dungeon, and saw 2 of its levels.

You collected 16 gold pieces.

Inventory:

Hand Weapons
 b - a +0 dagger (weapon)
Jewellery
 e - an amulet of the acrobat (around neck)
Scrolls
 f - a scroll of teleportation {unknown}
Potions
 a - a potion of magic
 c - a potion of curing {unknown}
 d - 2 potions of brilliance {unknown}


   Skills:
 + Level 1.9 Dodging
 + Level 2.0 Stealth
 + Level 2.0 Spellcasting
 + Level 4.1 Conjurations


You had 3 spell levels left.
You knew the following spells:

 Your Spells              Type           Power      Damage    Failure   Level
a - Magic Dart            Conj           64%        1d6       3%          1

Your spell library contained the following spells:

 Spells                   Type           Power      Damage    Failure   Level
 Searing Ray              Conj           32%        2d5       4%          2
 Dazzling Flash           Conj/Hex       18%        N/A       24%         3
 Ensorcelled Hibernation  Hex/Ice        2%         N/A       26%         2
 Passwall                 Tmut/Erth      0%         N/A       26%         2
 Swiftness                Air            1%         N/A       47%         3
 Fulminant Prism          Conj/Hex       4%         3d6       61%         4
 Iskenderun's Mystic Bla  Conj/Tloc      9%         2d4       61%         4


Dungeon Overview and Level Annotations

Branches:
Dungeon (1/15)

Altars:

Annotations:
D:2 Robin


Innate Abilities, Weirdness & Mutations

Your plain brown scales are hard. (AC +4)
You cannot fit into any form of body armour.
You are cold-blooded and may be slowed by cold attacks.


Message History

Aim: a kobold, wielding a +0 club and quivering stones (100% to hit)
The magic dart hits the kobold.
The kobold is severely wounded.
The rat twitches its whiskers.
The kobold throws a stone.
The stone hits you but does no damage. The kobold hits you but does no damage.
You see here a +0 club.
You completely miss the kobold.
You tail-slap the kobold, but do no damage.
The kobold is severely wounded.
The rat barely misses you. The kobold barely misses you.
You closely miss the kobold.
The kobold is severely wounded.
The rat bites you but does no damage. The kobold closely misses you.
Robin roars a battlecry!
A goblin comes into view. It is wielding a +0 club.
A goblin comes into view. It is wielding a +0 dagger.
The goblin shouts! x2; You hear a shout!
You hit the kobold but do no damage.
Your tail-slap misses the kobold.
The kobold is severely wounded.
You hear a shout!
The rat closely misses you. The kobold hits you but does no damage.
You completely miss the kobold. You tail-slap the kobold.
You kill the kobold!
A goblin comes into view. It is wielding a +0 club.
Robin throws the goblin at you! The rat barely misses you.
The goblin hits you with a +0 dagger.
The goblin shouts!
You hit the goblin but do no damage. The rat misses you.
The goblin hits you with a +0 dagger.
You closely miss the goblin. The rat bites you but does no damage.
The goblin hits you with a +0 dagger.
* * * LOW HITPOINT WARNING * * *
You closely miss the goblin.
The goblin no longer looks unusually strong.
A goblin comes into view. It is wielding a +0 club.
The rat bites you but does no damage. The goblin hits you with a +0 dagger.
* * * LOW HITPOINT WARNING * * *
You barely miss the goblin. Robin hits you with a +0 short sword.
You die...

#...........#
#...........###
#.........g....
#...........##.
#.....g....gg..
#.....g....#
######g##### #rg#
##@# #g## .
#..#####..
##.........
#.........
#.......#
#.###...#
#########.###...#
........#.##....#


You could see Robin, a hobgoblin (strong), 3 goblins and a rat.

Vanquished Creatures
  A goblin (D:2)
  A hobgoblin (D:2)
  3 kobolds
  A rat (D:1)
6 creatures vanquished.

Notes
Turn   | Place    | Note
-------+----------+-------------------------------------------
     0 | D:1      | CaptainMV the Draconian Conjurer began the quest for the
                  | Orb.
     0 | D:1      | Reached XP level 1. HP: 14/14 MP: 3/3
    75 | D:1      | You fall into a shaft and drop 1 floor!
   103 | D:2      | Noticed Robin
   122 | D:2      | Slain by Robin

Illustrated notes

Levels and vault maps discovered:
D:1:      lightli_iron_boxes, layout_loops_ring,
          shapermc_ecumenical_altar_acropolis
D:2:      layout_rooms, serial_shops, shop, st_stairs_8, minmay_misc_feat_tiny,
          uniq_robin

Skill      XL: |  1 |
---------------+----+-----
Stealth        | 2 |  2.0
Dodging        | |  1.9
Spellcasting   | |  2.0
Conjurations   | |  4.1

Action                   || total
-------------------------++-------
Melee: Dagger            ||    14
       Tailslap          ||     3
 Cast: Magic Dart        ||     7
Armor: Skin              ||     9
Dodge: Dodged            ||    13
